Unix NetHack Version 5.0.0-0 post-release - last build May  4 2026 22:22:43 (774f63e81ad911689b3a0859ea89b322d5daca8d,branch:main).

Game began 2026-05-07 17:32:01, ended 2026-05-07 17:40:59.

BilldaCat, neutral male human Wizard

            -....
           --.......
           |..*%%...
           |.....---
            ..G.--
             -@`|
             ----

BilldaCat the Conjurer    St:11 Dx:13 Co:14 In:18 Wi:9 Ch:10  Neutral
Dlvl:5  $:177 HP:0(37) Pw:3(48) AC:9  Xp:5 T:1058 

Latest messages:
 The spell misses the gnome.
 The gnome hits!
 You miss the gnome.
 You kill the gnome!
 You are hit by an arrow!
 The gnome lord picks up 3 daggers.
 You stop waiting.
 The gnome lord picks up 9 darts.
 The gnome picks up a hooded cloak.
 What do you want to drink? [gqyzDGLO or ?*] ?
 Never mind.
 What do you want to write with? [- ac-enA or ?*] -
 You write in the dust with your fingertip.
 What do you want to write in the dust here? Elbereth
 The gnome lord wields 3 daggers!
 Something is written here in the dust.
 You read: "Elbere*h".
 You see no objects here.
 What do you want to write with? [- ac-enA or ?*] -
 Do you want to add to the current engraving? [ynq] (y) n
 You wipe out the message that was written in the dust here.
 You write in the dust with your fingertip.
 What do you want to write in the dust here? ELbereth
 The gnome lord turns to flee.
 The gnome puts on a hooded cloak.
 The gnome picks up a pair of hard shoes.
 The gnome puts on a pair of hard shoes.
 The gnome picks up a blue gem.
 The gnome picks up a beeve.
 In what direction? 8
 The spell hits the gnome lord!
 You kill the gnome lord!
 The gnome picks up 3 daggers.
 The gnome wields 3 daggers!
 The gnome picks up a hooded cloak.
 The gnome picks up a pair of hard shoes.
 You already found a monster.  Use 'm' prefix to force another search.
 You miss the gnome.
 The gnome thrusts one of his daggers.
 The gnome hits!
 What do you want to zap? [c or ?*] ?
 Never mind.
 What do you want to write with? [- ac-enA or ?*] -
 You write in the dust with your fingertip.
 What do you want to write in the dust here? ELbereth
 The gnome thrusts one of his daggers.
 The gnome hits!
 You die...
 Do you want your possessions identified? [ynq] (y) y
 Do you want to see your attributes? [ynq] (y) q

Inventory:
 Coins    ('$')
  $ - 177 gold pieces
 Weapons  (')')
  a - a blessed +1 quarterstaff (weapon in hands)
 Armor    ('[')
  b - an uncursed +0 cloak of magic resistance (being worn)
 Comestibles  ('%')
  H - an uncursed food ration
  u - an uncursed fortune cookie
  K - an uncursed lembas wafer
  v - an uncursed tripe ration
 Scrolls  ('?')
  C - a blessed scroll of blank paper
  i - an uncursed scroll of earth
  F - an uncursed scroll of enchant armor
  k - an uncursed scroll of enchant weapon
  j - a blessed scroll of punishment
 Spellbooks  ('+')
  B - an uncursed spellbook of detect food
  x - an uncursed spellbook of detect unseen
  w - an uncursed spellbook of fireball
  R - an uncursed spellbook of jumping
  p - an uncursed spellbook of remove curse
  E - an uncursed spellbook of wizard lock
 Potions  ('!')
  y - an uncursed potion of extra healing
  q - an uncursed potion of fruit juice
  G - an uncursed potion of gain energy
  g - a blessed potion of monster detection
  D - an uncursed potion of object detection
  z - a blessed potion of restore ability
  L - 3 potions of holy water
  O - an uncursed potion of water
 Rings    ('=')
  e - an uncursed ring of polymorph control
  d - an uncursed ring of sustain ability
 Wands    ('/')
  c - a wand of light (0:12)
 Tools    ('(')
  S - a bag of tricks (0:14)
  o - an uncursed blindfold
  n - a magic marker (0:20)
 Gems/Stones  ('*')
  A - an uncursed worthless piece of violet glass

BilldaCat the Wizard's attributes:

Background:
 You were a Conjurer, a level 5 male human Wizard.
 You were neutral, on a mission for Thoth
 who was opposed by Ptah (lawful) and Anhur (chaotic).
 You were right-handed.
 You were in the Gnomish Mines, on level 5.
 You entered the dungeon 1058 turns ago.
 You had 202 experience points, 118 more were needed to attain level 6.

Basics:
 You had 0 out of 37 hit points.
 You had 3 out of 48 energy points (spell power).
 Your armor class was 9.
 Your wallet contained 177 zorkmids.
 Autopickup was on for '$"?!/=' plus thrown, with exceptions.

Final Characteristics:
 Your strength was 11 (limit:18/100).
 Your dexterity was 13 (limit:18).
 Your constitution was 14 (limit:18).
 Your intelligence was 18 (limit:18).
 Your wisdom was 9 (limit:18).
 Your charisma was 10 (limit:18).

Final Status:
 You weren't hungry.
 You were unencumbered.
 You were wielding a quarterstaff.
 You had basic skill with quarterstaff.

Final Attributes:
 You were devoutly aligned.
 You were magic-protected.
 You were warded.
 You are dead.

Miscellaneous:
 You didn't encounter any bones levels.
 Total elapsed playing time was 8 minutes and 58 seconds.

Major events:
 Turn
    1: BilldaCat the neutral male human Wizard entered the dungeon
  794: entered the Gnomish Mines
  797: attained the rank of Conjurer (level 3)
 1058: killed by a gnome

Spells:
 Name                 Level Category     Fail Retention
 force bolt             1   attack         0%  91%-100%
 haste self             3   escape        79%  76%-100%

Skills:
 Fighting Skills
   bare handed combat [Unskilled]
   riding             [Unskilled]
 Weapon Skills
   dagger             [Unskilled]
   knife              [Unskilled]
   axe                [Unskilled]
   short sword        [Unskilled]
   club               [Unskilled]
   mace               [Unskilled]
   quarterstaff       [Basic]
   polearms           [Unskilled]
   spear              [Unskilled]
   trident            [Unskilled]
   sling              [Unskilled]
   dart               [Unskilled]
   shuriken           [Unskilled]
 Spellcasting Skills
   attack spells      [Basic]
   healing spells     [Unskilled]
   divination spells  [Unskilled]
   enchantment spells [Basic]
   clerical spells    [Unskilled]
   escape spells      [Unskilled]
   matter spells      [Unskilled]

Voluntary challenges:
 Character rerolling was not enabled.
 You followed a strict vegan diet.
 You never genocided any monsters.
 You never polymorphed an object.
 You never changed form.
 You used no wishes.
Achievements:
 You entered a shop.
 You entered the Gnomish Mines.
 You attained the rank of Conjurer.

 The Dungeons of Doom: levels 1 to 4
    Level 1:
    Level 2:
       A general store.
    Level 3:
       A potion shop, an altar to Thoth.
       Stairs down to The Gnomish Mines.
    Level 4:
 The Gnomish Mines: levels 4 to 5
    Level 4:
    Level 5: <- You were here.
       Final resting place for
          you, killed by a gnome.


Vanquished creatures:
  4 gnome leaders
  a kitten
  3 dwarves
 an acid blob
  a green mold
 15 gnomes
  a gnome zombie
  3 geckos
  2 jackals
  a goblin
  3 lichens
  a kobold zombie
  2 newts
38 creatures vanquished.

No species were genocided or became extinct.

Game over:
                       ----------
                      /          \
                     /    REST    \
                    /      IN      \
                   /     PEACE      \
                  /                  \
                  |    BilldaCat     |
                  |      177 Au      |
                  |   killed by a    |
                  |      gnome       |
                  |                  |
                  |                  |
                  |       2026       |
                 *|     *  *  *      | *
        _________)/\\_//(\/(/\)/\//\/|_)_______

Goodbye BilldaCat the Wizard...

You died in The Gnomish Mines on dungeon level 5 with 1178 points,
and 177 pieces of gold, after 1058 moves.
You were level 5 with a maximum of 37 hit points when you died.

